 Dungeon Crawl Stone Soup version 0.30-a0-845-g7c6808c8ce (webtiles) character file.

Game seed: 17863223299320750035

912 jimonade the Magician (level 8, -9/56 HPs)
             Began as a Djinni Transmuter on Mar 3, 2023.
             Mangled by an ogre
             ... wielding a +0 giant spiked club
              (15 damage)
             ... on level 5 of the Dungeon.
             The game lasted 00:08:46 (4540 turns).

jimonade the Magician (Djinni Transmuter)           Turns: 4540, Time: 00:08:46

Health: -9/56      AC: 11    Str: 17    XL:     8   Next: 30%
Gold:   245        EV:  8    Int: 16    God:
                   SH:  0    Dex: 13

rFire   + + .      SeeInvis .    a - +2 whip (venom)
rCold   x . .      Faith    .    (no shield)
rNeg    . . .      Spirit   .    t - +1 chain mail
rPois   ∞          Reflect  .    w - +0 helmet
rElec   .          Rampage  .    (no cloak)
rCorr   .                        (no gloves)
Will    .....                    (boots unavailable) Stlth
                                 (no amulet)
HPRegen 0.29/turn                v - +6 ring of strength
MPRegen 0.00/turn                (no ring)

@: flying
A: sickness immunity, fire resistance 2, cold vulnerability 1, float, innate
caster, HP casting, extra vitality 1
a: no special abilities


You were on level 5 of the Dungeon.
You visited 1 branch of the dungeon, and saw 5 of its levels.

You collected 245 gold pieces.

Inventory:

Hand Weapons
 a - a +2 whip of venom (weapon)
 d - a +0 dagger
 e - a +0 war axe
 g - a +0 arbalest
 q - a +0 flail
Armour
 h - a +0 robe
 m - a +0 ring mail
 t - a +1 chain mail (worn)
 w - a +0 helmet (worn)
Jewellery
 v - a +6 ring of strength (left hand)
Wands
 r - a wand of flame (20)
Scrolls
 f - 2 scrolls of teleportation
 k - a scroll of identify
 s - a scroll of enchant armour
 u - 2 scrolls of fear
Potions
 b - 2 potions of lignification
 c - 2 potions of might
 i - 2 potions of flight
 j - a potion of mutation
 l - a potion of brilliance {unknown}
 n - a potion of berserk rage {unknown}
 o - a potion of magic {unknown}
 p - a potion of cancellation {unknown}


   Skills:
 + Level 3.0 Fighting
 - Level 0.1 Short Blades
 + Level 3.1 Maces & Flails
 + Level 3.2 Armour
 + Level 3.9 Dodging
 + Level 0.8 Stealth
 - Level 3.4 Unarmed Combat
 * Level 4.2 Spellcasting


You knew the following spells:

 Your Spells              Type           Power      Damage    Failure   Level
a - Beastly Appendage     Tmut           32%        N/A       41%         1
b - Wereblood             Tmut           16%        N/A       54%         2
c - Spider Form           Tmut/Pois      16%        N/A       78%         3
d - Ice Form              Ice/Tmut       16%        N/A       99%         4
e - Shock                 Conj/Air       64%        1d7       41%         1
f - Momentum Strike       Conj/Tloc      32%        3d8       54%         2
g - Teleport Other        Tloc           16%        N/A       78%         3
Your spell library was empty.

Dungeon Overview and Level Annotations

Branches:
Dungeon (5/15)
 Temple: D:4-7

Altars:
Ashenzari
Hepliaklqana
Makhleb
Ru


Innate Abilities, Weirdness & Mutations

You are immune to sickness and miasma.
You are immune to poison.
Your flesh is very heat resistant. (rF++)
You are vulnerable to cold. (rC-)
You float through the air rather than walking.
You learn spells naturally, not from books.
Your magical power is your life essence.
You have superior vitality. (+4 MHP)


Message History

There is an open door here.
As you open the door, it creaks loudly!
There is an open door here.
You reach down and open the door.
There is an open door here.
There is an open door here.
There is an escape hatch in the floor here.
There is an open door here.
You reach down and open the door.
There is an open door here.
f - 2 scrolls of teleportation (gained 1)
Found a sacrificial altar of Ru.
There is an open door here.
You reach down and open the door.
There is an open door here.
You reach down and open the door.
An ogre comes into view. It is wielding a +0 giant spiked club.
The ogre shouts!
There is an open door here.
You hit the ogre but do no damage.
The ogre hits you with a +0 giant spiked club!!
You completely miss the ogre. You punch the ogre.
The ogre is moderately wounded.
You hit the ogre.
The ogre is poisoned.
The ogre is moderately wounded.
The ogre hits you with a +0 giant spiked club!!
* * * LOW HITPOINT WARNING * * *
You are too injured to fight recklessly!
You are too injured to fight recklessly!
You are too injured to fight recklessly!
You whack the ogre!
The ogre looks as sick as possible!
The ogre is severely wounded.
The ogre hits you with a +0 giant spiked club.
* * * LOW HITPOINT WARNING * * *
You barely miss the ogre.
The ogre is severely wounded.
You hit the ogre.
The ogre looks as sick as possible!
The ogre is almost dead.
The ogre hits you with a +0 giant spiked club!
You die...

#........# ..
...# #........#
...#####
#.....######...
#.....#........
#.....'........
#.....#........
#.....#........
#.....#........
#.....#@####...
........O.# ..
...........# .
..○........#
.........#
.........#
..#####+## ○.


You could see an ogre (extremely poisoned).

Vanquished Creatures
  Sigmund (D:5)
  A black bear (D:4)
  A phantom (D:4)
  A scorpion (D:5)
  A gnoll bouda (D:4)
  2 hounds (D:4)
  An orc priest (D:5)
  4 iguanas (D:5)
  Jessica (D:2)
  3 orc wizards
  9 gnolls (D:4)
  4 adders
  An ufetubus (D:5)
  A worm (D:5)
  A dart slug (D:1)
  7 orcs
  5 bats
  8 endoplasms
  3 giant cockroaches
  6 goblins
  5 hobgoblins (D:1)
  7 jackals
  5 ball pythons
  3 frilled lizards
  3 kobolds
  4 rats
88 creatures vanquished.

Notes
Turn   | Place    | Note
-------+----------+-------------------------------------------
     0 | D:1      | jimonade the Djinni Transmuter began the quest for the Orb.
     0 | D:1      | jimonade set off with the following spells memorised:
                  | Beastly Appendage, Wereblood, Spider Form, Ice Form.
     0 | D:1      | Reached XP level 1. HP: 17/17 MP: 0/0
    78 | D:1      | Reached XP level 2. HP: 16/22 MP: 0/0
   394 | D:1      | Found a faded altar of an unknown god.
   553 | D:1      | Reached XP level 3. HP: 8/27 MP: 0/0
   553 | D:1      | Learned a level 1 spell: Shock
   750 | D:1      | Reached skill level 2 in Spellcasting
  1005 | D:2      | Noticed Jessica
  1195 | D:1      | HP: 1/27 [adder (1)]
  1198 | D:1      | Reached XP level 4. HP: 2/32 MP: 0/0
  1322 | D:2      | Killed Jessica
  1471 | D:2      | Reached skill level 1 in Maces & Flails
  1600 | D:2      | Found a hazy altar of Hepliaklqana.
  1880 | D:3      | Reached XP level 5. HP: 38/38 MP: 0/0
  1880 | D:3      | Learned a level 2 spell: Momentum Strike
  2060 | D:3      | You are sucked into a shaft and drop 1 floor!
  2094 | D:4      | Noticed a phantom
  2121 | D:4      | Killed a phantom
  2315 | D:4      | Noticed a black bear
  2326 | D:4      | Killed a black bear
  2327 | D:4      | Reached skill level 1 in Armour
  2327 | D:4      | Reached XP level 6. HP: 13/45 MP: 0/0
  2835 | D:4      | Reached skill level 3 in Spellcasting
  2835 | D:4      | Reached XP level 7. HP: 38/49 MP: 0/0
  2835 | D:4      | Learned a level 3 spell: Teleport Other
  3329 | D:4      | Found a broken altar of Ashenzari.
  3338 | D:4      | Found a burning altar of Makhleb.
  3470 | D:5      | Entered Level 5 of the Dungeon
  3875 | D:5      | Noticed Sigmund
  4124 | D:5      | Killed Sigmund
  4125 | D:5      | Reached skill level 4 in Spellcasting
  4125 | D:5      | Reached XP level 8. HP: 46/55 MP: 0/0
  4451 | D:5      | Found a sacrificial altar of Ru.
  4540 | D:5      | Mangled by an ogre

Illustrated notes

Levels and vault maps discovered:
D:1:      minmay_arrival_four_circles, layout_loops_ring,
          dreamdust_ecumenical_altar_angels_and_demons, minmay_tromino_v4_a
D:2:      layout_rooms, basic_altar, minmay_crystal_room, uniq_jessica
D:3:      layout_rooms, mainiacjoe_overflow_tiny_flanked, grunt_ministairs_6,
          uniq_grinder
D:4:      layout_basic, mainiacjoe_overflow_swirl, serial_park_tiny_1
D:5:      layout_gridville, fiery_altar_vehumet,
          nicolae_ru_the_path_less_chosen, columned_hall_lemuel, uniq_sigmund

Skill      XL: |  1  2  3  4  5  6  7  8 |
---------------+-------------------------+-----
Spellcasting   | 2 3 4 |  4.2
Dodging        | 3 |  3.9
Maces & Flails | 1 2 3 |  3.1
Fighting       | 2 3 |  3.0
Armour         | 1 2 3 |  3.2
Short Blades   | |  0.1
Stealth        | |  0.8
Unarmed Combat | |  3.4

Action                     |  1- 3 |  4- 6 |  7- 9 || total
---------------------------+-------+-------+-------++-------
  Melee: Unarmed           |    15 |       |       ||    15
         Headbutt          |     5 |       |       ||     5
         Dagger            |    30 |       |       ||    30
         Whip              |    62 |    97 |   103 ||   262
         Punch             |       |     3 |     3 ||     6
   Cast: Beastly Appendage |     9 |     1 |       ||    10
         Momentum Strike   |       |     2 |       ||     2
         Shock             |       |    20 |    15 ||    35
    Use: Scroll            |       |       |     7 ||     7
   Stab: Sleeping          |     2 |       |       ||     2
 Armour: Robe              |    28 |       |       ||    28
         Ring mail         |       |    25 |     2 ||    27
         Chain mail        |       |       |    28 ||    28
  Dodge: Dodged            |    72 |    78 |    45 ||   195

Table legend: (Time is in decaauts)
 A = Elapsed time spent in this place.
 B = Non-inter-level travel time spent in this place.
 C = Inter-level travel time spent in this place.
 D = Time resting spent in this place.
 E = Time spent auto-exploring this place.
 F = Levels seen in this place.
 G = Mean time per level.
                   A        B        C        D        E       F      G
               +--------+--------+--------+--------+--------+-----+--------+
         Total |   4549 |   4446 |    103 |   1008 |   2536 |   5 |  909.8 |
       Dungeon |   4549 |   4446 |    103 |   1008 |   2536 |   5 |  909.8 |
               +--------+--------+--------+--------+--------+-----+--------+

Top non-repeatable levels by time:
     D:4: 1637 daAuts
     D:1: 1400 daAuts
     D:5: 840 daAuts
     D:2: 595 daAuts
     D:3: 75 daAuts
